 Dungeon Crawl Stone Soup version 0.27-a0-1525-g1038ab4 (webtiles) character file.

Game seed: 13671677293620060750

415 Think the Cutter (level 6, -1/63 HPs)
             Began as an Octopode Fighter on July 10, 2021.
             Was a Believer of Fedhas.
             Succumbed to a scorpion's poison
             ... in an ossuary.
             The game lasted 00:08:29 (3078 turns).

Think the Cutter (Octopode Fighter)                 Turns: 3078, Time: 00:08:30

Health: -1/63      AC:  1    Str: 15    XL:     6   Next: 92%
Magic:  6/6        EV: 12    Int: 10    God:    Fedhas [**....]
Gold:   154        SH:  9    Dex: 20    Spells: 4/5 levels left

rFire    . . .     SeeInvis .   s - +4 dagger (vamp)
rCold    . . .     Faith    +   b - +0 kite shield
rNeg     . . .     Spirit   .   (helmet restricted)
rPois    .         Reflect  .   q - amulet of faith
rElec    .         Harm     .   g - +6 ring of dexterity
rCorr    .         Rampage  .   (no ring)
Will     .....                  (no ring)
Stlth    ..........             (no ring)
HPRegen  0.20/turn              (no ring)
MPRegen  0.10/turn              (no ring)
                                (no ring)
                                (no ring)

@: mighty, berserking, lethally poisoned (-1 -> -10), very quick
A: almost no armour, amphibious, 8 rings, camouflage 1, gelatinous body 1,
(nimble swimmer 1), tentacles
a: Renounce Religion, Wall of Briars


You were in an ossuary.
You worshipped Fedhas.
Fedhas was pleased with you.
You visited 1 branch of the dungeon, and saw 4 of its levels.
You also visited: Ossuary.

You collected 154 gold pieces.

Inventory:

Hand Weapons
 h - a +2 dagger of draining
 s - a +4 vampiric dagger (weapon)
Missiles
 l - 7 boomerangs (quivered)
Armour
 b - a +0 kite shield (worn)
Jewellery
 g - a +6 ring of dexterity (left tentacle)
 j - a ring of protection from fire
 p - a ring of ice
 q - an amulet of faith (around mantle)
Scrolls
 a - a scroll of teleportation {unknown}
 e - a scroll of silence {unknown}
 f - a scroll of blinking {unknown}
 i - a scroll of torment {unknown}
 k - a scroll of identify
 o - a scroll of magic mapping
 r - a scroll of fog {unknown}
Potions
 d - a potion of berserk rage
 m - a potion of magic
 n - a potion of resistance


   Skills:
 - Level 3.0 Fighting
 * Level 6.8 Short Blades
 - Level 3.0 Dodging
 - Level 3.0 Shields
 - Level 2.0 Conjurations


You had 4 spell levels left.
You knew the following spells:

 Your Spells              Type           Power      Damage    Failure   Level
a - Magic Dart            Conj           16%        1d3       61%         1

Your spell library contained the following spells:

 Spells                   Type           Power      Damage    Failure   Level
 Call Imp                 Summ           0%         N/A       95%         2
 Stone Arrow              Conj/Erth      4%         3d7       98%         3
 Mephitic Cloud           Conj/Pois/Air  1%         N/A       99%         3
 Lehudib's Crystal Spear  Conj/Erth      1%         10d2      100%        8
 Animate Armour           Summ/Erth      Unusable   N/A       N/A         4

Dungeon Overview and Level Annotations

Branches:
Dungeon (4/15)            Ossuary (1/1)
 Temple: D:4-7

Altars:
Fedhas


Innate Abilities, Weirdness & Mutations

You cannot wear most types of armour.
You are amphibious.
You can wear up to eight rings at the same time.
Your skin changes colour to match your surroundings (Stealth+).
Your rubbery body absorbs attacks. (AC +1, EV +1)
((You are camouflaged near water. (Stealth+)))
You have tentacles for arms and can constrict up to eight enemies at once.


Message History

The human zombie is lightly damaged.
You constrict the human zombie. You block the human zombie's attack.
You hit the human zombie. You squeeze the human zombie.
The human zombie is moderately damaged.
You constrict the human zombie. You block the human zombie's attack.
You hit the human zombie.
The human zombie is moderately damaged.
You constrict the human zombie. You hit the human zombie.
You squeeze the human zombie.
The human zombie is heavily damaged.
You constrict the human zombie. The scorpion completely misses you.
The scorpion zombie hits you! The human zombie hits you.
You hit the human zombie.
The human zombie is severely damaged.
You constrict the human zombie. The scorpion stings you!
The scorpion zombie misses you. You block the human zombie's attack.
You are too injured to fight recklessly!
You are too injured to fight recklessly!
You feel very mighty all of a sudden.
You constrict the human zombie. The scorpion stings you.
* * * LOW HITPOINT WARNING * * *
You are lethally poisoned!
The scorpion poisons you! The scorpion zombie hits you.
* * * LOW HITPOINT WARNING * * *
A red film seems to cover your vision as you go berserk!
You feel yourself moving faster!
You feel mighty!
You constrict the human zombie.
* * * LOW HITPOINT WARNING * * *
You feel very sick. You block the scorpion's attack. The human zombie hits you.
* * * LOW HITPOINT WARNING * * *
You block the scorpion zombie's attack. The scorpion stings you!
* * * LOW HITPOINT WARNING * * *
You hit the scorpion. Your grab misses the scorpion. You squeeze the scorpion!
The scorpion is severely wounded.
You constrict the human zombie.
You destroy the human zombie!
Fedhas accepts your kill.
You die...
Fedhas appreciates your contribution to the ecosystem.

######### #...#...#
+...8...# #..Z....#
##############8@s.8##
#...#...#...#.......#
#.∩.'...8...#...8...#
#...#.......#...#...#
##'###8...8###'######
#...#.......#^^^#?.!#
#.∩.#...8...'^^^#.M.+
#...#...#...#^^^#.??#
#####################


You could see a scorpion and a scorpion zombie.

Vanquished Creatures
  A necrophage (D:4)
  2 scorpions
  A centaur zombie (Ossuary)
  A human zombie (Ossuary)
  3 gnolls (D:3)
  7 adders
  An adder skeleton (D:4)
  2 worms
  2 dart slugs
  2 orcs
  10 endoplasms
  3 giant cockroaches
  11 goblins
  3 hobgoblins (D:2)
  4 jackals (D:2)
  3 kobolds
  2 quokkas (D:2)
  7 ball pythons
  6 bats
  4 frilled lizards
  A goblin zombie (Ossuary)
  7 rats
  A spectral kobold (D:2)
84 creatures vanquished.

Notes
Turn   | Place    | Note
-------+----------+-------------------------------------------
     0 | D:1      | Think the Octopode Fighter began the quest for the Orb.
     0 | D:1      | Reached XP level 1. HP: 16/16 MP: 1/1
   191 | D:1      | Reached XP level 2. HP: 21/21 MP: 2/2
   308 | D:1      | Reached skill level 3 in Short Blades
   794 | D:2      | Reached XP level 3. HP: 26/26 MP: 3/3
  1076 | D:2      | Reached skill level 4 in Short Blades
  1079 | D:2      | Reached XP level 4. HP: 21/31 MP: 4/4
  1515 | D:2      | Found a faded altar of an unknown god.
  1570 | D:2      | Became a worshipper of Fedhas Madash
  1570 | D:2      | Reached * piety under Fedhas
  2145 | D:3      | Reached skill level 5 in Short Blades
  2145 | D:3      | Reached XP level 5. HP: 36/36 MP: 5/5
  2422 | D:3      | Learned a level 1 spell: Magic Dart
  2454 | D:3      | Reached ** piety under Fedhas
  2770 | D:4      | Reached skill level 1 in Conjurations
  2770 | D:4      | Reached XP level 6. HP: 31/42 MP: 6/6
  2885 | D:4      | Reached skill level 6 in Short Blades
  2921 | D:4      | Found a sand-covered staircase.
  2928 | D:4      | Noticed a necrophage
  2935 | D:4      | Killed a necrophage
  2947 | Ossuary  | Entered an ossuary
  3077 | Ossuary  | HP: 1/63 [scorpion (7)]
  3078 | Ossuary  | Succumbed to a scorpion's poison

Illustrated notes

Levels and vault maps discovered:
D:1:      psy_arrival_fountain, layout_basic, feat_on_display
D:2:      minmay_wonky_spiral, layout_basic,
          dreamdust_ecumenical_altar_drowned_temple,
          hangedman_abyss_or_decor_stabs, minmay_octomino_c4
D:3:      layout_basic
D:4:      layout_basic, nicolae_ossuary_entry_monument, wad_rectangle_vault,
          uniq_ijyb, uniq_robin
Ossuary:  ossuary_minmay_scorpions

Skill      XL: |  1  2  3  4  5  6 |
---------------+-------------------+-----
Short Blades   | 3 4 5 6 |  6.8
Conjurations   | 1 2 |  2.0
Fighting       | |  3.0
Dodging        | |  3.0
Shields        | |  3.0

Action                   |  1- 3 |  4- 6 || total
-------------------------+-------+-------++-------
Melee: Rapier            |    30 |       ||    30
       Constrict         |    14 |    18 ||    32
       Tentacles         |    11 |    28 ||    39
       Dagger            |    29 |    85 ||   114
  Use: Scroll            |       |     5 ||     5
       Potion            |       |     3 ||     3
 Stab: Sleeping          |     2 |    10 ||    12
Armor: Skin              |     6 |     5 ||    11
Dodge: Dodged            |    11 |    27 ||    38
Block: Kite shield       |    17 |    42 ||    59

Table legend: (Time is in decaauts)
 A = Elapsed time spent in this place.
 B = Non-inter-level travel time spent in this place.
 C = Inter-level travel time spent in this place.
 D = Time resting spent in this place.
 E = Time spent auto-exploring this place.
 F = Levels seen in this place.
 G = Mean time per level.
                   A        B        C        D        E       F      G
               +--------+--------+--------+--------+--------+-----+--------+
         Total |   3090 |   2991 |     99 |      8 |   2485 |   5 |  618.0 |
       Dungeon |   2961 |   2862 |     99 |      8 |   2385 |   4 |  740.2 |
       Ossuary |    129 |    129 |      0 |      0 |    100 |   1 |  129.0 |
               +--------+--------+--------+--------+--------+-----+--------+

Top non-repeatable levels by time:
     D:2: 1300 daAuts
     D:1: 785 daAuts
     D:3: 560 daAuts
     D:4: 315 daAuts
 Ossuary: 129 daAuts
